 Dungeon Crawl Stone Soup version 0.16.0-8-gd9ae3a8 (webtiles) character file.

98 Nefaurd the Grave Robber (level 4, -2/34 (35) HPs)
             Began as a Ghoul Necromancer on Mar 16, 2015.
             Slain by an ogre
             ... wielding a +0 giant club
              (15 damage)
             ... on level 4 of the Dungeon.
             The game lasted 00:39:55 (2649 turns).

Nefaurd the Grave Robber (Ghoul Necromancer)        Turns: 2649, Time: 00:39:55

HP:   -2/34 (35)    AC:  3    Str: 11    XL:     4   Next: 71%
MP:   0/7           EV: 12    Int: 11    God:
Gold: 131           SH:  0    Dex:  9    Spells: 3 memorised, 2 levels left

rFire  . . .     SeeInvis .     l - staff of death
rCold  + . .     Clarity  .     i - +1 robe
rNeg   + + +     SustAb   .     (no shield)
rPois  ∞         Gourm    .     (no helmet)
rElec  .         Spirit   .     (no cloak)
rCorr  .         Warding  .     (no gloves)
rMut   .         Stasis   .     (no boots)
MR     .....                    (no amulet)
Stlth  ++........               (no ring)
                                (no ring)

@: rotting, not resistant to hostile enchantments, unstealthy
A: rotting body, claws 1, carnivore 3, cold resistance 1, negative energy
resistance 3, poison resistance, slow healing 1, torment resistance, unbreathing
a: no special abilities


You were on level 4 of the Dungeon.
You were not hungry.

You visited 1 branch of the dungeon, and saw 4 of its levels.

You collected 131 gold pieces.

Inventory:

Hand weapons
 c - a +4 short sword
 e - a +4 spear
Missiles
 f - 40 stones (quivered)
Armour
 a - a +0 robe
 d - a +0 robe
 i - a +1 robe (worn)
 k - a +2 ring mail of cold resistance
Magical staves
 l - an uncursed staff of death (weapon)
Scrolls
 n - a scroll of identify
Potions
 h - a potion of ambrosia
 m - a potion of haste
Books
 b - a book of Necromancy

   Spells                             Type                      Level
   a - Pain                           Necromancy                   1
   b - Animate Skeleton               Necromancy                   1
   c - Vampiric Draining              Necromancy                   3
   d - Regeneration                   Charms/Necromancy            3
   e - Animate Dead                   Necromancy                   4
   f - Control Undead                 Necromancy                   4


   Skills:
 + Level 1.2 Fighting
 + Level 2.4 Dodging
 + Level 2.3 Stealth
 - Level 1.0 Unarmed Combat
 + Level 2.3 Spellcasting
 * Level 4.8 Necromancy


You had 2 spell levels left.
You knew the following spells:

 Your Spells              Type           Power        Failure   Level  Hunger
a - Pain                  Necr           ###.         4%          1    ##.....
b - Animate Skeleton      Necr           N/A          4%          1    ##.....
c - Vampiric Draining     Necr           ###.......   14%         3    ####...


Dungeon Overview and Level Annotations

Branches:
Dungeon (4/15)
 Temple: D:4-7

Altars:
Gozag

Annotations:
D:3 Broomstick's ghost, average GrFi


Innate Abilities, Weirdness & Mutations

Your body is rotting away.
You thrive on raw meat.
You have sharp fingernails.
You are carnivorous and can eat meat at any time.
Your flesh is cold resistant.
You are immune to negative energy.
Your system is resistant to poisons.
You heal slowly when monsters are visible.
You are immune to unholy pain and torment.
You can survive without breathing.


Message History

You feel life coursing into your body. The ogre hits you with a giant club!
The shadow imp hits you.
Casting: Vampiric Draining
Confirm with . or Enter, or press ? or * to list all spells.
Aiming: Pain
Press: ? - help, Shift-Dir - straight line, f/p - ogre
Aim: an ogre, wielding a giant club (severely wounded, chance 76%)
You feel a surge of power!
The ogre convulses in agony!
The ogre barely misses you. The shadow imp hits you.
You hit the shadow imp.
The shadow imp is severely wounded.
The shadow imp hits you. The ogre barely misses you.
You hit the ogre but do no damage.
The ogre is almost dead.
The shadow imp shouts, "Get thee gone, thou paunchy two-tin-hat trash-dump!"
The shadow imp closely misses you.
You hit the ogre but do no damage.
The ogre convulses in agony!
The ogre is almost dead.
The ogre hits you with a giant club!
You die...

#.......##..........
..........................
######.#######........#.
#......=##.......#
........ #.......#
.........##.......#.##
.......................
....# #...O...####.#.## .
#...5@..........
#........###.#.#
#............
#.............
#......##.##.# #......# .#
# ####.#.. .. #.### .## .


You could see an ogre and a shadow imp.

Vanquished Creatures
  An adder (D:3)
  A worm (D:3)
  3 giant geckos (D:1)
  2 orcs
  4 giant cockroaches
  5 goblins
  8 hobgoblins
  2 quokkas
  11 bats
  4 giant newts
  6 jackals
  9 kobolds
  11 rats
67 creatures vanquished.

Vanquished Creatures (collateral kills)
  A worm (D:2)
  An ooze (D:3)
  2 hobgoblins
  A bat (D:3)
  A giant newt (D:2)
  A kobold (D:2)
  2 rats
9 creatures vanquished.

Vanquished Creatures (others)
  An adder skeleton (D:3)
  2 bat skeletons (D:3)
  A giant newt skeleton (D:2)
  2 goblin skeletons
  2 hobgoblin skeletons
  5 kobold skeletons
  5 rat skeletons
18 creatures vanquished.

Grand Total: 94 creatures vanquished

Notes
Turn   | Place    | Note
--------------------------------------------------------------
     0 | D:1      | Nefaurd, the Ghoul Necromancer, began the quest for the Orb.
     0 | D:1      | Reached XP level 1. HP: 14/14 MP: 2/2
   275 | D:1      | Reached XP level 2. HP: 10/19 MP: 3/3
   316 | D:1      | Learned a level 1 spell: Animate Skeleton
   601 | D:1      | HP: 1/22 [kobold/club (3)]
   654 | D:1      | Reached XP level 3. HP: 9/27 MP: 1/5
   863 | D:2      | Learned a level 3 spell: Vampiric Draining
  1432 | D:2      | Reached skill level 1 in Fighting
  1432 | D:2      | Reached XP level 4. HP: 31/35 MP: 5/6
  1695 | D:3      | Reached skill level 1 in Unarmed Combat
  1740 | D:3      | Found an opulent altar of Gozag.
  1806 | D:3      | Noticed Broomstick's ghost (average GrFi)
  2638 | D:4      | Noticed an ogre
  2649 | D:4      | Slain by an ogre

Action                   |  1- 3 |  4- 6 || total
-------------------------+-------+-------++-------
Melee: Unarmed           |   127 |    56 ||   183
       Staff             |       |    37 ||    37
 Cast: Pain              |    12 |     6 ||    18
       Animate Skeleton  |    12 |    11 ||    23
       Vampiric Draining |     2 |     9 ||    11
  Use: Scroll            |     2 |     8 ||    10
       Potion            |       |     8 ||     8
 Stab: Sleeping          |       |     1 ||     1
  Eat: Chunk             |    14 |    10 ||    24
